 Seeded DCSS version 0.28-a0-863-g8cecda6153 (webtiles) character file.

Game seed: 20211130 (custom seed)

391898 a11behringer the Minotaur Blade (level 21, -5/207 (209) HPs)
             Began as a Minotaur Fighter on Nov 17, 2021.
             Was a High Priest of Okawaru.
             Killed from afar by a tengu reaver (24 damage)
             ... with a bolt of lightning
             ... while paralysed by a floating eye
             ... on level 3 of the Depths on Nov 19, 2021.
             The game lasted 04:22:14 (50692 turns).

a11behringer the Minotaur Blade (Minotaur Fighter) Turns: 50692, Time: 04:22:15

HP:   -5/207 (209)  AC: 42    Str: 37    XL:     21   Next: 77%
MP:   25/26         EV:  2    Int:  7    God:    Okawaru [*****.]
Gold: 4153          SH:  0    Dex: 14    Spells: 20/20 levels left

rFire   + . .      SeeInvis +   N - +9 demon blade (flame)
rCold   + + .      Faith    .   o - +6 tower shield "Ilaerr" {+Blink rC+}
rNeg    + + .      Spirit   .   R - +9 plate armour of Tupehia {rC+ rN++ Int+2}
rPois   .          Reflect  .   m - +1 hat {SInv}
rElec   .          Harm     .   X - scarf {repulsion}
rCorr   .          Rampage  .   U - +2 pair of gloves {archery}
Will    +....                   A - +1 pair of boots
Stlth   ..........              O - amulet of regeneration
HPRegen 1.44/turn               i - ring "Kopneocs" {rF+ Str+6 Dex+2}
MPRegen 0.20/turn               J - ring "Zukhyap" {AC+4 Str+2 Slay+5}

@: paralysed, on blink cooldown, lightly drained, repel missiles
A: horns 2, retaliatory headbutt
}: 3/15 runes: serpentine, barnacled, silver
a: Renounce Religion, Evoke Blink, Heroism, Finesse, Duel


You were on level 3 of the Depths.
You worshipped Okawaru.
Okawaru was extremely pleased with you.
You visited 8 branches of the dungeon, and saw 40 of its levels.
You visited the Abyss 1 time.
You visited 1 bazaar.
You also visited: Sewer, Gauntlet and Volcano.

You collected 5978 gold pieces.
You spent 1825 gold pieces at shops.

Inventory:

Hand Weapons
 f - a +0 vorpal triple sword
 F - a +3 vorpal longbow
 N - a +9 demon blade of flaming (weapon)
 P - the +6 long sword of the Ghost {vamp, rPois rF- Will+}
   (Okawaru gifted it to you on level 12 of the Dungeon)

   It occasionally heals its wielder for a portion of the damage dealt when it
   wounds a living foe.
   rF:        It makes you vulnerable to fire.
   rPois:     It protects you from poison.
   Will:      It increases your willpower.
Missiles
 w - 1378 arrows
Armour
 b - a +6 plate armour of willpower
 m - a +1 hat of see invisible (worn)
 o - the +6 tower shield "Ilaerr" (worn) {+Blink rC+}
   (You found it on level 3 of the Shoals)

   rC:        It protects you from cold.
   +Blink:    It lets you blink.
 A - a +1 pair of boots (worn)
 R - the +9 plate armour of Tupehia (worn) {rC+ rN++ Int+2}
   (Okawaru gifted it to you on level 6 of the Lair of Beasts)

   Int:       It affects your intelligence (+2).
   rC:        It protects you from cold.
   rN:        It greatly protects you from negative energy.
 U - a +2 pair of gloves of archery (worn)
 X - a scarf of repulsion (worn)
Jewellery
 i - the ring "Kopneocs" (left hand) {rF+ Str+6 Dex+2}
   (You took it off a spriggan on level 4 of the Lair of Beasts)

   [ring of strength]

   Str:       It affects your strength (+6).
   Dex:       It affects your dexterity (+2).
   rF:        It protects you from fire.
 j - the ring "Rilu" {rC+ rN+}
   (You found it on level 6 of the Lair of Beasts)

   [ring of positive energy]

   rC:        It protects you from cold.
   rN:        It protects you from negative energy.
 p - a +6 ring of dexterity
 q - the ring of Otenug Supp {AC+4 Dex+4}
   (You took it off a frost giant on level 5 of the Vaults)

   [ring of protection]

   AC:        It affects your AC (+4).
   Dex:       It affects your dexterity (+4).
 t - a ring of protection from fire
 v - the ring of Goul {Fly Str+2 Dex+4}
   (You found it on level 5 of the Vaults)

   [ring of flight]

   Str:       It affects your strength (+2).
   Dex:       It affects your dexterity (+4).
   Fly:       It grants you flight.
 G - a +6 ring of strength
 J - the ring "Zukhyap" (right hand) {AC+4 Str+2 Slay+5}
   (You found it on level 5 of the Lair of Beasts)

   [ring of protection]

   AC:        It affects your AC (+4).
   Str:       It affects your strength (+2).
   Slay:      It affects your accuracy & damage with ranged weapons and melee
   (+5).
 K - a ring of resist corrosion
 O - an amulet of regeneration (around neck)
 Q - the ring of Kisasich {Will+ Int+3 Slay+4}
   (You found it on level 4 of the Vaults)

   [ring of slaying]

   Int:       It affects your intelligence (+3).
   Slay:      It affects your accuracy & damage with ranged weapons and melee
   (+4).
   Will:      It increases your willpower.
 Y - a ring of poison resistance
Wands
 a - a wand of iceblast (38)
 B - a wand of polymorph (19)
 M - a wand of flame (118)
 S - a wand of digging (22)
 T - a wand of acid (4)
 W - a wand of paralysis (62)
Scrolls
 c - 2 scrolls of enchant armour
 h - 4 scrolls of blinking
 k - 7 scrolls of teleportation
 s - 14 scrolls of identify
 y - 9 scrolls of fear
 C - 2 scrolls of enchant weapon
 D - 13 scrolls of fog
 H - 3 scrolls of holy word
 L - 3 scrolls of brand weapon
 V - 2 scrolls of magic mapping
 Z - 3 scrolls of silence
Potions
 d - 5 potions of might
 e - 4 potions of cancellation
 g - 7 potions of curing
 l - 2 potions of heal wounds
 n - 2 potions of magic
 r - a potion of berserk rage
 x - 8 potions of flight
 z - 5 potions of haste
 E - 2 potions of invisibility
 I - 4 potions of resistance
Miscellaneous
 u - a lightning rod (4/4)


   Skills:
 + Level 22.4 Fighting
 + Level 24.5 Long Blades
 - Level 5.2 Bows
 + Level 0.7 Throwing
 + Level 24.2 Armour
 - Level 5.7 Dodging
 * Level 23.1 Shields
 - Level 8.4 Invocations
 * Level 4.1 Evocations


You had 20 spell levels left.
You didn't know any spells.
Your spell library contained the following spells:

 Spells                   Type           Power      Damage    Failure   Level
 Foxfire                  Conj/Fire      0%         2x1d4     83%         1
 Sandblast                Erth           0%         2d4       83%         1
 Shock                    Conj/Air       0%         1d3       83%         1
 Slow                     Hex            0%         N/A       83%         1
 Blink                    Tloc           0%         N/A       93%         2
 Corpse Rot               Necr/Air       0%         N/A       93%         2
 Passwall                 Tmut/Erth      0%         N/A       93%         2
 Poisonous Vapours        Pois/Air       0%         N/A       93%         2
 Static Discharge         Conj/Air       0%         N/A       93%         2
 Confusing Touch          Hex            0%         N/A       99%         3
 Conjure Flame            Conj/Fire      0%         6-21      99%         3
 Dazzling Flash           Conj/Hex       0%         N/A       99%         3
 Ignite Poison            Fire/Tmut/Pois 0%         N/A       99%         3
 Inner Flame              Hex/Fire       0%         N/A       99%         3
 Lesser Beckoning         Tloc           0%         N/A       99%         3
 Mephitic Cloud           Conj/Pois/Air  0%         N/A       99%         3
 Ozocubu's Armour         Ice            0%         N/A       99%         3
 Stone Arrow              Conj/Erth      0%         3d7       99%         3
 Swiftness                Air            0%         N/A       99%         3
 Vampiric Draining        Necr           0%         2d6       99%         3
 Airstrike                Air            0%         N/A       100%        4
 Flame Wave               Conj/Fire      0%         3d3       100%        4
 Hailstorm                Conj/Ice       0%         3d3       100%        4
 Ice Form                 Ice/Tmut       0%         N/A       100%        4
 Iskenderun's Mystic Bla  Conj/Tloc      0%         2d3       100%        4
 Sticky Flame             Conj/Fire      0%         2d3       100%        4
 Fireball                 Conj/Fire      0%         3d3       100%        5
 Iskenderun's Battlesphe  Conj           0%         2d6       100%        5
 Manifold Assault         Tloc           0%         N/A       100%        5
 Conjure Ball Lightning   Conj/Air       0%         3x3d6     100%        6
 Dispersal                Tloc           0%         N/A       100%        6
 Starburst                Conj/Fire      0%         6d3       100%        6
 Orb of Destruction       Conj           0%         N/A       100%        7
 Ozocubu's Refrigeration  Ice            0%         4d5       100%        7
 Disjunction              Tloc           0%         N/A       100%        8
 Chain Lightning          Conj/Air       0%         N/A       100%        9
 Fire Storm               Conj/Fire      0%         5d1       100%        9
 Shatter                  Erth           0%         3d5*      100%        9
 Summon Ice Beast         Ice/Summ       Unusable   N/A       N/A         4

Dungeon Overview and Level Annotations

Branches:
Dungeon (15/15)            Temple (1/1) D:4            Lair (6/6) D:9
 Shoals (4/4) Lair:4        Snake (4/4) Lair:2        Slime (0/5) Lair:5
    Orc (2/2) D:11            Elf (0/3) Orc:2        Vaults (5/5) D:14
  Crypt (0/3) Vaults:2     Depths (3/4) D:15          Sewer (visited)
Volcano (visited)         Gauntlet (visited)

Altars:
Ashenzari
Cheibriados
Dithmenos
Elyvilon
Fedhas
Gozag
Hepliaklqana
Kikubaaqudgha
Makhleb
Nemelex Xobeh
Okawaru
Qazlal
Sif Muna
Trog
Uskayaw
Vehumet
Wu Jian
Xom
Yredelemnul
Zin
The Shining One
Beogh
Jiyva

Shops:
D:3 ((*([   D:13 *   D:14 *   Orc:2 :(!=   Shoals:1 [   Snake:3 ::=
Vaults:2 *((

Portals:
Hell: Lair:6 Depths:1 Depths:2 Depths:3
Abyss: Depths:3
Pandemonium: Depths:2 Depths:3
Ziggurat: Depths:2

Annotations:
Vaults:1 2 runed translucent doors, Nekhlo's ghost, adept PaWr; agentgt's ghost, veteran KoAK


Innate Abilities, Weirdness & Mutations

You have a pair of horns on your head.
You reflexively headbutt those who attack you in melee.


Message History

The bolt of poison hits you!!
You are poisoned.
The deep troll shaman bites you but does no damage.
The deep troll shaman claws you!
* * * LOW HITPOINT WARNING * * *
The deep troll shaman claws you but does no damage.
You feel very sick. The spark wasp stings you!
* * * LOW HITPOINT WARNING * * *
The spark wasp shocks you!
* * * LOW HITPOINT WARNING * * *
The deep troll earth mage bites you but does no damage.
The deep troll earth mage claws you.
* * * LOW HITPOINT WARNING * * *
The deep troll earth mage claws you but does no damage.
The tengu reaver points at you and mumbles some strange words.
The bolt of cold hits you! You resist.
* * * LOW HITPOINT WARNING * * *
The deep troll shaman bites you but does no damage.
The deep troll shaman claws you but does no damage. x2
The floating eye seems to glare at you.
The spark wasp stings you but does no damage.
You can move again.
You blink.
* * * LOW HITPOINT WARNING * * *
You feel very sick.
The deep troll earth mage gestures next to you while chanting.
The crystal wall shatters!
The blast of crystal shards hits you but does no damage.
The deep troll shaman calls upon its god to speed up the deep troll earth mage.
The deep troll earth mage seems to speed up.
You feel better.
You feel like a meek peon again.
The floating eye gazes piercingly through you!
You suddenly lose the ability to move!
The spark wasp stings you but does no damage.
The tengu reaver casts a spell at you.
The bolt of lightning hits the spark wasp.
The spark wasp completely resists.
The bolt of lightning hits you!!
You die...

...............###..#.......≈≈###
...#.......<.....................
.................................
#################################
.....## ##.........##......
......###?.......##.....#.#
.......#.......##..........
....#.....#...#....##...$#
..#..#.).#......@##.......
.#.#.##.##.....##y†[..#
..#...#.#.....$..TQT.##
.#.#..#.#........##G..#
#.#.#..............CCD....
.................(.........
###############################
...............................
...........###................


You could see an iron dragon, a titan, a frost giant, a tengu reaver, a spark
wasp, a deep troll earth mage (fast), a deep troll shaman and a floating eye.

Vanquished Creatures
  An ancient lich (Vaults:5)
  A dread lich (Vaults:5)
  Bai Suzhen (Arena)
  Margery (Vaults:2)
  4 golden dragons
  2 tentacled monstrosities
  A lich (Depths:3)
  Asterion (Snake:2)
  A kraken (Shoals:2)
  Polyphemus (Shoals:4)
  A titan (Vaults:5)
  A sphinx (Vaults:3)
  Agnes (D:14)
  Gastronok (Lair:3)
  6 tengu reavers
  6 nagarajas
  A storm dragon (Vaults:4)
  2 orc warlords
  15 vault wardens
  3 fire giants
  An iron dragon (Vaults:4)
  4 frost giants
  A deep elf sorcerer (Vaults:5)
  2 balrugs
  4 spectral caustic shrikes (Depths:3)
  Aizul (Shoals:3)
  The ghost of Goemiynn the Warrior, a journeyman OgTm of Makhleb (Lair:4)
  12 ironbound preservers
  2 war gargoyles (Vaults:4)
  14 stone giants
  21 very ugly things
  3 spriggan defenders
  2 vampire knights
  A minotaur (Gauntlet)
  3 entropy weavers (Vaults:5)
  11 dire elephants
  A spark wasp (Depths:3)
  Snorg (Lair:3)
  3 merfolk javelineers
  A crystal guardian (Vaults:4)
  A deep elf death mage (Vaults:5)
  4 merfolk impalers (Shoals:4)
  13 yaktaur captains
  The ghost of AttackTheMoon the Thaumaturge, a journeyman VSFi of Ashenzari (Lair:5)
  7 ettins
  2 deep elf high priests (Vaults:5)
  3 fire dragons
  9 great orbs of eyes
  2 salamander tyrants
  14 naga warriors
  4 rakshasas
  25 vault guards
  7 ironbound thunderhulks
  2 peacekeepers (Vaults:4)
  6 ogre magi
  6 ice dragons
  8 hydras
  8 ironbound frosthearts
  3 catoblepae
  4 boulder beetles
  2 alligator snapping turtles
  5 merfolk aquamancers (Shoals:4)
  5 anacondas
  16 two-headed ogres
  7 centaur warriors
  6 tengu warriors
  A dancing weapon (Volcano)
  A spriggan air mage (Depths:2)
  2 deep troll shamans
  7 deep troll earth magi
  3 satyrs
  14 death yaks
  A vampire mage (Depths:3)
  A deep elf knight (Vaults:5)
  5 shock serpents
  5 hell knights
  Nergalle (Lair:3)
  3 iron trolls
  15 naga sharpshooters
  7 salamander mystics
  A sun demon (Depths:1)
  A sixfirhy (Lair:6)
  4 skeletal warriors (D:12)
  A glowing orange brain (Depths:1)
  12 sea snakes
  A death drake (shapeshifter) (Vaults:4)
  6 naga ritualists
  14 wizards
  A deep elf archer (Vaults:5)
  35 deep trolls
  31 ironbound convokers
  5 phantasmal warriors
  3 lindwurms
  2 lindwurms (shapeshifter)
  2 orc knights
  A deep elf zephyrmancer (Vaults:5)
  8 mana vipers
  2 necromancers
  A mana viper (shapeshifter) (D:15)
  13 harpies
  A wolf spider (shapeshifter) (D:14)
  5 deep elf pyromancers
  37 ugly things
  8 orc sorcerers (Orc:2)
  11 fauns
  5 oklob plants
  A salamander (shapeshifter) (Depths:1)
  10 salamanders
  A manticore (shapeshifter) (Vaults:5)
  15 elephants
  3 moths of wrath
  5 cyclopes
  2 shadow dragon skeletons
  9 manticores
  An elephant (shapeshifter) (Depths:2)
  7 water nymphs
  8 merfolk sirens
  5 toenail golems (Volcano)
  2 smoke demons
  A torpor snail (shapeshifter) (Depths:1)
  A frost giant skeleton (Depths:1)
  26 black mambas
  15 naga magi
  A fire giant skeleton (Depths:1)
  2 orange demons (Lair:6)
  A torpor snail (Lair:4)
  17 cane toads
  11 vault sentinels
  2 gargoyles
  3 guardian serpents
  An unseen horror (D:12)
  5 rime drakes
  2 efreet
  6 komodo dragons
  3 kobold demonologists (D:11)
  3 freezing wraiths (Vaults:5)
  30 yaktaurs
  A red devil (Lair:6)
  3 ice devils (Lair:6)
  A tengu conjurer (D:13)
  14 trolls
  5 wind drakes
  Grinder (D:6)
  15 merfolk
  12 snapping turtles
  7 blink frogs
  2 polar bears
  40 slime creatures
  16 dream sheep
  An elf zombie (Vaults:4)
  A meliai zombie (D:9)
  6 shadows
  A centaur simulacrum (D:14)
  8 vampires
  A ynoxinul (Gauntlet)
  7 spriggans
  3 hornets
  7 wyverns
  A basilisk (shapeshifter) (D:14)
  32 yaks
  A hog (shapeshifter) (Vaults:5)
  An ettin skeleton (Depths:1)
  2 water elementals
  A basilisk (Lair:4)
  4 vampire mosquitoes (D:14)
  3 steam dragons
  15 two-headed ogre zombies (D:12)
  5 wargs
  35 nagas
  4 acid dragons
  12 water moccasins
  4 hell hounds (Lair:6)
  20 orc warriors
  Duvessa (D:5)
  2 sky beasts
  Pargi (Sewer)
  4 black bears
  3 necrophages
  7 boggarts
  10 ogres
  18 centaurs
  9 wolves
  A phantom (D:11)
  A human zombie (Vaults:4)
  5 kobold brigands
  12 bullfrogs
  2 gnoll sergeants
  A scorpion (D:5)
  A water moccasin skeleton (D:4)
  Dowan (D:5)
  A troll zombie (D:11)
  A howler monkey (D:7)
  8 killer bees
  3 electric eels (D:9)
  6 wights (D:7)
  2 bullfrog zombies
  3 centaur zombies
  10 hounds
  19 orc priests
  A centaur skeleton (D:7)
  3 iron imps (Gauntlet)
  A jelly (D:4)
  3 iguanas
  32 orc wizards
  5 ogre zombies (D:11)
  7 gnolls
  A howler monkey skeleton (D:4)
  5 adders
  An adder skeleton (D:4)
  2 worms
  5 dart slugs
  58 orcs
  9 bats
  7 endoplasms
  8 giant cockroaches
  8 goblins
  12 hobgoblins
  10 quokkas
  4 ball pythons
  5 frilled lizards
  4 goblin zombies (D:11)
  A hobgoblin skeleton (D:11)
  3 hobgoblin zombies (D:11)
  18 kobolds
  3 orc skeletons (D:11)
  8 orc zombies (D:11)
  3 rats
1437 creatures vanquished.

Vanquished Creatures (others)
  A fire dragon (Shoals:2)
  An ugly thing (Vaults:4)
  3 orc wizards
  3 gnolls (D:10)
  6 demonic plants (Gauntlet)
  A fire vortex (Depths:3)
  14 fungi (Lair:6)
  70 plants
  4 tentacles (Shoals:2)
103 creatures vanquished.

Grand Total: 1540 creatures vanquished

Notes
Turn   | Place    | Note
-------+----------+-------------------------------------------
     0 | D:1      | a11behringer the Minotaur Fighter began the quest for the
                  | Orb.
     0 | D:1      | Reached XP level 1. HP: 19/19 MP: 0/0
   334 | D:1      | Reached XP level 2. HP: 23/27 MP: 1/1
   729 | D:1      | Reached XP level 3. HP: 33/33 MP: 2/2
   817 | D:1      | Found a faded altar of an unknown god.
  1620 | D:2      | Reached XP level 4. HP: 26/40 MP: 3/3
  2189 | D:3      | Found Yxiqedes's Antique Weapon Boutique.
  2569 | D:3      | Reached XP level 5. HP: 47/47 MP: 4/4
  2584 | D:3      | Found Cixkoipn's Antique Armour Shop.
  2613 | D:3      | Found Nuhottor's General Store.
  2654 | D:3      | Found Mep Gadi's Antique Weapon Shoppe.
  2685 | D:3      | Found Guifef Xatu's Weapon Shop.
  2844 | D:3      | Found a white marble altar of Elyvilon.
  2956 | D:4      | Reached skill level 5 in Long Blades
  2967 | D:4      | Reached skill level 1 in Dodging
  3133 | D:4      | Found a staircase to the Ecumenical Temple.
  3153 | Temple   | Entered the Ecumenical Temple
  3368 | Temple   | Became a worshipper of Warmaster Okawaru
  3827 | D:5      | Entered Level 5 of the Dungeon
  3927 | D:5      | Reached skill level 5 in Armour
  3927 | D:5      | Reached XP level 6. HP: 44/53 MP: 5/5
  4786 | D:5      | Reached XP level 7. HP: 60/60 MP: 6/6
  4834 | D:5      | Reached * piety under Okawaru
  4835 | D:5      | Reached skill level 5 in Fighting
  5234 | D:5      | Noticed Dowan
  5235 | D:5      | Noticed Duvessa
  5243 | D:5      | Killed Duvessa
  5255 | D:5      | Killed Dowan
  5631 | D:6      | Reached XP level 8. HP: 56/68 MP: 7/7
  5640 | D:6      | Found a glowing drain.
  5666 | Sewer    | Entered a sewer
  5812 | Sewer    | Noticed Pargi
  5815 | Sewer    | Killed Pargi
  5892 | D:6      | Reached ** piety under Okawaru
  5995 | D:6      | Noticed Grinder
  5997 | D:6      | Paralysed by Grinder for 2 turns
  6003 | D:6      | Killed Grinder
  6004 | D:6      | Reached skill level 10 in Long Blades
  6498 | D:7      | Reached XP level 9. HP: 31/78 MP: 8/8
  6500 | D:7      | Reached *** piety under Okawaru
  7032 | D:7      | Reached skill level 1 in Invocations
  8229 | D:7      | Reached **** piety under Okawaru
  8627 | D:8      | Reached XP level 10. HP: 75/86 MP: 10/10
  9267 | D:9      | Identified the +2 hand axe of Untimely Demise {pain, rElec}
  9792 | D:9      | Noticed an elephant
  9799 | D:9      | Noticed an elephant
  9803 | D:9      | Killed an elephant
  9803 | D:9      | Received a gift from Okawaru
  9813 | D:9      | Killed an elephant
  9825 | D:9      | Noticed an elephant
  9836 | D:9      | Killed an elephant
  9841 | D:9      | Noticed an elephant
  9855 | D:9      | Killed an elephant
  9975 | D:9      | Noticed a manticore
  9982 | D:9      | Killed a manticore
 10203 | D:9      | Reached skill level 10 in Armour
 10554 | D:9      | Found a staircase to the Lair.
 11390 | D:9      | Reached ***** piety under Okawaru
 11547 | D:10     | Entered Level 10 of the Dungeon
 11571 | D:10     | Reached skill level 15 in Long Blades
 11571 | D:10     | Reached XP level 11. HP: 95/95 MP: 10/12
 11580 | D:10     | Noticed a two-headed ogre
 11593 | D:10     | Killed a two-headed ogre
 11744 | D:10     | Noticed a two-headed ogre
 11760 | D:10     | Killed a two-headed ogre
 11910 | D:10     | Noticed a two-headed ogre
 12267 | D:10     | Noticed a centaur warrior
 12272 | D:10     | Noticed a two-headed ogre
 12274 | D:10     | Noticed a two-headed ogre
 12785 | D:11     | Noticed a boulder beetle
 12800 | D:11     | Noticed a boulder beetle
 12802 | D:11     | Killed a boulder beetle
 12931 | D:11     | Found a staircase to the Orcish Mines.
 13051 | D:11     | Killed a boulder beetle
 13285 | D:11     | Found a stormy altar of Qazlal.
 13461 | D:11     | Noticed a soul eater
 13507 | D:11     | Noticed a soul eater
 14342 | D:3      | Bought a scroll of teleportation for 30 gold pieces
 14342 | D:3      | Bought a scroll of acquirement for 520 gold pieces
 14342 | D:3      | Bought a scroll of teleportation for 30 gold pieces
 14358 | D:3      | Acquired a +2 scimitar of flaming
 14497 | Lair:1   | Entered Level 1 of the Lair of Beasts
 14523 | Lair:1   | Received a gift from Okawaru
 14536 | Lair:1   | Reached XP level 12. HP: 106/106 MP: 14/14
 14650 | Lair:1   | Reached skill level 10 in Fighting
 15452 | Lair:2   | Found a staircase to the Snake Pit.
 15822 | Lair:2   | You fall into a shaft and drop 2 floors!
 15837 | Lair:4   | Found a transporter.
 15867 | Lair:3   | Noticed a six-headed hydra
 15868 | Lair:3   | Noticed Gastronok
 15871 | Lair:3   | Noticed Snorg
 15877 | Lair:3   | Killed a four-headed hydra
 15887 | Lair:3   | Killed Snorg
 15887 | Lair:3   | Received a gift from Okawaru
 15888 | Lair:3   | Reached skill level 5 in Invocations
 15888 | Lair:3   | HP: 6/160 [Gastronok (17)]
 15891 | Lair:3   | Killed Gastronok
 16332 | Lair:3   | Noticed Nergalle
 16340 | Lair:3   | Killed Nergalle
 16459 | Lair:3   | Reached ****** piety under Okawaru
 16631 | Lair:2   | Noticed a death yak
 16636 | Lair:2   | Noticed a death yak
 16637 | Lair:2   | Noticed a death yak
 16645 | Lair:2   | Noticed a death yak
 16657 | Lair:2   | Killed a death yak
 16666 | Lair:2   | Killed a death yak
 16668 | Lair:2   | Received a gift from Okawaru
 16673 | Lair:2   | Killed a death yak
 16683 | Lair:2   | Killed a death yak
 17023 | Lair:2   | Identified the +2 robe of Analysis {Int+4}
 17150 | Lair:2   | Found an ornate altar of the Wu Jian Council.
 18461 | Lair:4   | Found a transporter.
 18465 | Lair:4   | Noticed an eight-headed hydra
 18466 | Lair:4   | Found a bloodstained altar of Trog.
 18477 | Lair:4   | Identified the ring "Kopneocs" {rF+ Str+6 Dex+2}
 18483 | Lair:4   | Killed a five-headed hydra
 18486 | Lair:4   | Reached XP level 13. HP: 40/116 MP: 9/16
 18764 | Lair:4   | Noticed Goemiynn's ghost (journeyman OgTm)
 19605 | Lair:4   | Found a staircase to the Shoals.
 19978 | Lair:5   | Received a gift from Okawaru
 19987 | Lair:5   | Reached skill level 15 in Armour
 20294 | Lair:5   | Found a transporter.
 20296 | Lair:5   | Noticed AttackTheMoon's ghost (journeyman VSFi)
 20314 | Lair:5   | Found a transporter.
 20562 | Lair:5   | Found a viscous altar of Jiyva.
 20562 | Lair:5   | Found a staircase to the Slime Pits.
 21039 | Lair:5   | Killed AttackTheMoon's ghost
 21043 | Lair:5   | Identified the ring "Zukhyap" {AC+4 Str+2 Slay+5}
 21216 | Lair:6   | Entered Level 6 of the Lair of Beasts
 21255 | Lair:6   | Identified the +8 battleaxe of Arphioric {freeze, rN+ MP+9
                  | Int+2}
 21540 | Lair:6   | Noticed a dire elephant
 21547 | Lair:6   | Killed a dire elephant
 22072 | Lair:6   | Identified the +9 plate armour of Tupehia {rC+ rN++ Int+2}
                  | (Okawaru gifted it to you on level 6 of the Lair of Beasts)
 22072 | Lair:6   | Received a gift from Okawaru
 22076 | Lair:6   | Reached XP level 14. HP: 114/129 MP: 17/17
 22343 | Lair:6   | Reached skill level 1 in Bows
 22861 | Lair:6   | Found a burning altar of Makhleb.
 22887 | Lair:6   | Found a gateway to Hell.
 22895 | Lair:6   | Reached skill level 5 in Dodging
 22906 | Lair:6   | Identified the ring "Rilu" {rC+ rN+}
 23277 | Orc:1    | Entered Level 1 of the Orcish Mines
 23567 | Orc:2    | Entered Level 2 of the Orcish Mines
 23567 | Orc:2    | Found a staircase to the Elven Halls.
 23676 | Orc:2    | Found a dark tunnel.
 23721 | Orc:2    | Paralysed by an orc sorcerer for 2 turns
 23737 | Orc:2    | Found Ekyig's Jewellery Shoppe.
 23749 | Orc:2    | Found a radiant altar of Vehumet.
 23783 | Orc:2    | Found Qajethoi's Distillery.
 23783 | Orc:2    | Found Hotudes's Antique Weapon Shoppe.
 23793 | Orc:2    | Paralysed by an orc sorcerer for 5 turns
 23804 | Orc:2    | Found Dumugapuj's Book Shoppe.
 23817 | Orc:2    | Received a gift from Okawaru
 23890 | Orc:2    | Noticed an orc warlord
 23894 | Volcano  | Entered a volcano
 24020 | Volcano  | Received a gift from Okawaru
 24184 | Arena    | Entered the Arena
 24192 | Arena    | Killed an orc warlord
 24242 | Orc:2    | Reached skill level 5 in Bows
 24581 | Orc:2    | Bought a potion of heal wounds for 85 gold pieces
 24581 | Orc:2    | Bought a potion of heal wounds for 85 gold pieces
 24581 | Orc:2    | Bought a potion of flight for 51 gold pieces
 24591 | Orc:2    | Found an ancient bone altar of Kikubaaqudgha.
 25589 | D:3      | Bought a pair of embroidered boots for 180 gold pieces
 25905 | D:12     | Found a gate leading to a gauntlet.
 25910 | Gauntlet | Entered a Gauntlet
 25910 | Gauntlet | Found a transporter.
 25910 | Gauntlet | Found a transporter.
 25910 | Gauntlet | Found a transporter.
 25911 | Gauntlet | Found a transporter.
 25912 | Gauntlet | Found a transporter.
 25978 | Gauntlet | Found a transporter.
 25979 | Gauntlet | Found a transporter.
 25981 | Gauntlet | Noticed a balrug
 25987 | Gauntlet | Reached skill level 15 in Fighting
 25987 | Gauntlet | Reached XP level 15. HP: 135/141 MP: 19/19
 25997 | Gauntlet | Found a transporter.
 26016 | Gauntlet | Found a transporter.
 26039 | Gauntlet | Got Sif Muna's Incunabulum of Feathers and Snow
 26773 | D:12     | Acquired a manual of Armour
 26887 | D:12     | Identified the +6 long sword of the Ghost {vamp, rPois rF-
                  | Will+} (Okawaru gifted it to you on level 12 of the
                  | Dungeon)
 26887 | D:12     | Received a gift from Okawaru
 27666 | D:13     | Found Voonnues's Assorted Antiques.
 27707 | D:13     | Bought a scroll labelled JISUKULACH for 41 gold pieces
 27707 | D:13     | Bought a potion of heal wounds for 205 gold pieces
 28226 | D:14     | Noticed Agnes
 28231 | D:14     | Killed Agnes
 28395 | D:14     | Found a gate to the Vaults.
 28772 | D:14     | Received a gift from Okawaru
 29085 | D:14     | Found Deik's Blood Bar.
 29130 | D:15     | Entered Level 15 of the Dungeon
 29353 | D:15     | Received a gift from Okawaru
 29602 | D:15     | Reached XP level 16. HP: 97/152 MP: 13/20
 29675 | D:15     | Found a staircase to the Depths.
 29969 | D:15     | Found an ancient bone altar of Kikubaaqudgha.
 30675 | Lair:4   | Killed Goemiynn's ghost
 31038 | Snake:1  | Entered Level 1 of the Snake Pit
 31223 | Snake:1  | Identified the +6 great sword of Cawec {flame, Dex+2}
 31738 | Snake:2  | Received a gift from Okawaru
 31992 | Snake:2  | Identified the +8 executioner's axe "Dibieh" {drain, Fly
                  | rF+ rC+} (Okawaru gifted it to you on level 2 of the Snake
                  | Pit)
 31992 | Snake:2  | Received a gift from Okawaru
 32056 | Snake:2  | Reached skill level 5 in Shields
 32426 | Snake:2  | Noticed Asterion
 32436 | Snake:2  | Noticed an Executioner
 32439 | Snake:2  | Killed Asterion
 33380 | Snake:3  | Received a gift from Okawaru
 33866 | Snake:3  | Found Buimp's Book Shoppe.
 33867 | Snake:3  | Found Myiluxop's Jewellery Shop.
 33868 | Snake:3  | Found Feugijio's Book Shoppe.
 34180 | Snake:4  | Entered Level 4 of the Snake Pit
 34350 | Snake:4  | Reached XP level 17. HP: 127/163 MP: 18/22
 35207 | Snake:4  | HP: 6/165 [poisoned by a nagaraja (bolt of poison)]
 35209 | Snake:4  | HP: 2/165 [poisoned by a nagaraja (bolt of poison)]
 35533 | Snake:4  | Received a gift from Okawaru
 35598 | Snake:4  | Got a serpentine rune of Zot
 36378 | Shoals:1 | Entered Level 1 of the Shoals
 36443 | Shoals:1 | Found Qarexogh's Armour Boutique.
 37312 | Shoals:2 | Received a gift from Okawaru
 37413 | Shoals:2 | Reached skill level 10 in Shields
 37700 | Shoals:2 | Noticed a kraken
 37722 | Shoals:2 | Killed a kraken
 37930 | Shoals:3 | Received a gift from Okawaru
 38089 | Shoals:3 | Identified the +6 tower shield "Ilaerr" {+Blink rC+}
 38168 | Shoals:3 | Noticed Aizul
 38194 | Shoals:3 | Killed Aizul
 38662 | Shoals:4 | Entered Level 4 of the Shoals
 38662 | Shoals:4 | Noticed Polyphemus
 38693 | Shoals:4 | Killed Polyphemus
 38968 | Shoals:4 | Reached XP level 18. HP: 176/176 MP: 23/23
 39021 | Shoals:4 | Identified the +0 gold dragon scales of Qazlal's Vengeance
                  | {rPois rF+ rC+ Str+3 Int-3}
 39039 | Shoals:4 | Received a gift from Okawaru
 39093 | Shoals:4 | Identified the +7 dagger of Naone {vorpal, rElec Int-3
                  | Stlth+}
 39297 | Shoals:4 | Got a barnacled rune of Zot
 39796 | Vaults:1 | Entered Level 1 of the Vaults
 39917 | Vaults:1 | Reached skill level 1 in Evocations
 39923 | Vaults:1 | Received a gift from Okawaru
 39983 | Vaults:1 | Received a gift from Okawaru
 40813 | Vaults:1 | Found a large runed translucent door.
 40813 | Vaults:1 | Found a large runed translucent door.
 40813 | Vaults:1 | Noticed Nekhlo's ghost (adept PaWr)
 40813 | Vaults:1 | Noticed agentgt's ghost (veteran KoAK)
 41368 | Vaults:2 | Found Gelumum's Antique Weapon Shop.
 41386 | Vaults:2 | Found Tiddesav's Assorted Antiques.
 41437 | Vaults:2 | Received a gift from Okawaru
 41486 | Vaults:2 | Found Bekuco's Antique Weapon Shop.
 41611 | Vaults:2 | Reached XP level 19. HP: 158/185 MP: 22/24
 41716 | Vaults:2 | Noticed Margery
 41720 | Vaults:2 | Killed Margery
 42023 | Vaults:2 | Received a gift from Okawaru
 42072 | Vaults:2 | Noticed Bai Suzhen
 42075 | Arena    | Entered the Arena
 42083 | Arena    | Killed Bai Suzhen
 42084 | Arena    | Reached skill level 15 in Shields
 42199 | Vaults:2 | Found a staircase to the Crypt.
 43955 | Vaults:4 | Identified the ring of Kisasich {Will+ Int+3 Slay+4}
 44021 | Vaults:4 | Received a gift from Okawaru
 44515 | Vaults:4 | Cast into level 2 of the Abyss (a wizard)
 44518 | Vaults:4 | Escaped the Abyss
 44526 | Vaults:4 | Reached XP level 20. HP: 176/195 MP: 23/25
 44862 | Vaults:4 | Identified the +2 leather armour of Imuelaja {rCorr Int-4
                  | SInv Stlth-}
 45072 | Vaults:5 | Entered Level 5 of the Vaults
 45120 | Vaults:5 | Received a gift from Okawaru
 45135 | Vaults:5 | Noticed a golden dragon
 45144 | Vaults:5 | Received a gift from Okawaru
 45282 | Arena    | Entered the Arena
 45287 | Arena    | Killed a golden dragon
 45352 | Vaults:4 | HP: 4/198 [poisoned by a green very ugly thing]
 45807 | Vaults:5 | Got the Handbook of Envenoming and the Glacier
 45816 | Vaults:5 | Identified the ring of Goul {Fly Str+2 Dex+4}
 45861 | Vaults:5 | Identified the ring of Otenug Supp {AC+4 Dex+4}
 45888 | Vaults:5 | Noticed a dread lich
 45893 | Vaults:5 | Received a gift from Okawaru
 45906 | Vaults:5 | Paralysed by a dread lich for 7 turns
 45918 | Vaults:5 | Killed a dread lich
 45941 | Vaults:5 | Noticed a golden dragon
 45950 | Vaults:5 | Killed a golden dragon
 46303 | Vaults:5 | Noticed a golden dragon
 46310 | Vaults:5 | Killed a golden dragon
 46362 | Vaults:5 | Noticed an ancient lich
 46389 | Vaults:5 | Killed an ancient lich
 46390 | Vaults:5 | Reached XP level 21. HP: 206/206 MP: 26/26
 46585 | Vaults:5 | Got a silver rune of Zot
 47556 | Depths:1 | Entered Level 1 of the Depths
 47565 | Depths:1 | Found a flickering gateway to a bazaar.
 47574 | Bazaar   | Entered a bazaar
 47574 | Bazaar   | Found Upnig's Distillery.
 47574 | Bazaar   | Found Dineg's Assorted Antiques.
 47574 | Bazaar   | Found Hinur's Weapon Boutique.
 47574 | Bazaar   | Found Useops's Distillery.
 47574 | Bazaar   | Found Atareask's Jewellery Shop.
 47574 | Bazaar   | Found Hoilliy's Magic Scroll Boutique.
 47590 | Bazaar   | Bought a potion of might for 44 gold pieces
 47592 | Bazaar   | Bought a potion of haste for 150 gold pieces
 47592 | Bazaar   | Bought 2 potions of curing for 90 gold pieces
 47600 | Bazaar   | Bought a potion of haste for 120 gold pieces
 47600 | Bazaar   | Bought a potion of berserk rage for 60 gold pieces
 47607 | Bazaar   | Bought a scroll of enchant armour for 67 gold pieces
 47607 | Bazaar   | Bought a scroll of blinking for 67 gold pieces
 47829 | Depths:1 | Identified the amulet of Arrofyef {Faith Str+3}
 47940 | Depths:1 | Received a gift from Okawaru
 49156 | Depths:2 | Found a gateway to a ziggurat.
 49215 | Depths:2 | Found a shadowy altar of Dithmenos.
 49285 | Depths:2 | Received a gift from Okawaru
 49316 | Depths:2 | Found a one-way gate leading to the halls of Pandemonium.
 49599 | Depths:2 | Noticed a golden dragon
 49607 | Depths:2 | Killed a golden dragon
 50198 | Depths:3 | Found a one-way gate to the infinite horrors of the Abyss.
 50350 | Depths:3 | Found a glowing golden altar of the Shining One.
 50685 | Depths:3 | Paralysed by a floating eye for 4 turns
 50690 | Depths:3 | HP: 10/207 [poisoned by a tengu reaver (bolt of poison)]
 50691 | Depths:3 | Paralysed by a floating eye for 4 turns
 50692 | Depths:3 | Killed from afar by a tengu reaver

Illustrated notes

Levels and vault maps discovered:
D:1:      saegor_arrival_simple_d, layout_rooms,
          hellmonk_ecumenical_altar_zigzags, minmay_vboxes
D:2:      layout_loops_ring, minmay_mini_jars
D:3:      layout_basic, nicolae_overflow_hidden_temple, serial_shops,
          nicolae_shop_behind_doors, nicolae_shop_waterfront, shop,
          nicolae_shop_waterfront, shop, minivault_26, kennysheep_cross_room
D:4:      layout_basic, minmay_temple_entry_mist
D:5:      minmay_spotlight, layout_basic, uniq_duvessa
D:6:      layout_loops_cross, portal_sewer_entry_f, uniq_grinder
D:7:      layout_basic, grunt_ministairs_14, minmay_fractal_squares_5
D:8:      layout_cave_pools
D:9:      wad_woods_tower, layout_small_grid, erik_lair_island,
          solitary_fountain
D:10:     layout_big_octagon, chequers_garden
D:11:     layout_loops_ring, zombieorc1_lemuel, nicolae_qazlal_general_emergency
D:12:     lemuel_ogre_cave, layout_loops_ring, gauntlet_entry_generic
D:13:     layout_grid_maze, serial_shops, nicolae_square_shop,
          kennysheep_pointless_box
D:14:     minmay_bubble_buster, layout_loops_ring, david_vaults_1,
          hangedman_decor_slide_cut, guppyfry_shop_blood, uniq_agnes
D:15:     gammafunk_enter_depths_forms, layout_gridville,
          kiku_gazebo_garden_becter
Temple:   mainiacjoe_temple_circle_huts
Lair:1:   layout_loops_ring, grunt_megastairs_4, lemuel_fruit_tree
Lair:2:   layout_roguey, minmay_snake_entry_guardpost_medium,
          lemuel_centaur_altar, serial_bayou_shore_a
Lair:3:   layout_long_grid, uniq_snorg, uniq_nergalle, uniq_gastronok
Lair:4:   minmay_lair_oklob_tunnel, layout_loops_ring, minmay_shoals_entry_hut,
          gammafunk_ghost_wrathful_warriors
Lair:5:   layout_loops_ring, dpeg_slime_entry_enclosed_altar,
          gammafunk_ghost_berserking_beasts, serial_bayou_shore_b
Lair:6:   evil_forest, layout_regular_city
Shoals:1: layout_shoals, serial_shops, nicolae_shop_advertising_works
          [nicolae_subvault_shop_adworks]
Shoals:2: argonaut_golden_fleece, layout_shoals
Shoals:3: layout_shoals, uniq_aizul
Shoals:4: shoals_end_simple, layout_shoals, uniq_polyphemus
Snake:1:  layout_rooms, nicolae_snake_gridmaze_squiggle
Snake:2:  layout_cave_shapes, uniq_asterion
Snake:3:  layout_onion, grunt_megastairs_1, minmay_shop_grove
Snake:4:  snake_pit, layout_cave_town
Orc:1:    layout_caves, basic_altar
Orc:2:    kennysheep_orc_mage_school, layout_caves,
          nicolae_volcano_entry_lava_flow, nicolae_orc_lost_temple
Vaults:1: advil_vaults_ghost_guards, hangedman_vaults_restitches,
          grunt_vaults_funnel, hangedman_vaults_river_flow,
          ontoclasm_vaults_ring_large, ontoclasm_vaults_ring_square,
          vaults_dpeg_ring, nicolae_vaults_gold_heap, v_rooms_3, v_pattern_3,
          vaults_mumra_minichess, ontoclasm_vaults_gateway,
          vaults_dpeg_diagonal, layout_vaults_chaotic_city
Vaults:2: vaults_mumra_chevron_long, ontoclasm_vaults_chip, vaults_room_fours,
          nicolae_vaults_stairing_the_circle, nicolae_vaults_little_squares_6,
          minmay_crypt_entry_vampire_xt, nicolae_vaults_three_branches,
          nicolae_vaults_yaktaur_gun_rack, nicolae_vaults_border_crossing,
          ontoclasm_vaults_pinch, layout_vaults_omnigrid, serial_shops,
          nicolae_shop_statue_plus, shop_fountains, shop_coins, uniq_bai_suzhen,
          uniq_margery
Vaults:3: vaults_room_grid, nicolae_vaults_twisting_passages,
          hangedman_vaults_cutoff, ontoclasm_vaults_tryst, v_pattern_2,
          nicolae_vaults_little_squares_3, nicolae_vaults_alarming,
          ontoclasm_vaults_ring_square, v_alt_pattern_1, ontoclasm_vaults_eye,
          layout_vaults_big_cross
Vaults:4: nicolae_vaults_big_ls, nicolae_vaults_ring_of_whatevers,
          hangedman_vaults_stitches, hangedman_vaults_nodes,
          hangedman_vaults_trim, v_misc_19, v_misc_1, v_misc_3,
          grunt_vaults_bifocal, ontoclasm_vaults_hangar, ontoclasm_vaults_shout,
          nicolae_vaults_big_angled_halls, layout_vaults_maze
Vaults:5
Depths:1: kennysheep_blocky_hall, layout_cave_shapes, serial_shops,
          bzr_entry_lakeside, lightli_too_deep, kennysheep_generic_room_7
Depths:2: minmay_curly_fans, layout_basic, enter_ziggurat_f, pan_entry,
          hell_entry, nicolae_dithmenos_shadow_blocks,
          infiniplex_staircase_pool_2, serial_bayou_shore_b
Depths:3: minmay_the_grid_triangle_9x9_line_8_mashed
          [minmay_the_grid_triangle_9x9_empty,
          minmay_the_grid_triangle_9x9_limited_checkers,
          minmay_the_grid_triangle_9x9_sprig,
          minmay_the_grid_triangle_9x9_empty,
          minmay_the_grid_triangle_9x9_odd_lines,
          minmay_the_grid_triangle_9x9_pentomino_pain,
          minmay_the_grid_triangle_9x9_sparse_checkered,
          minmay_the_grid_triangle_9x9_prize_top_heavy], layout_basic,
          abyss_entry_small_statue_room, pan_entry, lemuel_round_altar,
          pf_hell_entry_tar_river, infiniplex_staircase_split_hallway

Skill      XL: |  1  2  3  4  5  6  7  8  9 10 11 12 13 14 15 16 17 18 19 20 21 |
---------------+----------------------------------------------------------------+-----
Long Blades    | 3 4 5 7 8 11 13 15 16 17 18 19 20 21 22 23 24 | 24.5
Armour         | 4 5 6 7 8 10 12 14 15 16 19 22 23 24 | 24.2
Fighting       | 4 5 6 7 8 9 11 13 15 16 18 19 20 21 22 | 22.4
Shields        | 4 6 10 14 18 21 23 | 23.1
Dodging        | 1 2 3 4 5 |  5.7
Invocations    | 1 2 4 5 6 7 8 |  8.4
Bows           | 5 |  5.2
Evocations     | 3 4 |  4.1
Throwing       | |  0.7

Action                   |  1- 3 |  4- 6 |  7- 9 | 10-12 | 13-15 | 16-18 | 19-21 || total
-------------------------+-------+-------+-------+-------+-------+-------+-------++-------
Melee: Long sword        |    93 |   129 |   261 |   405 |       |   494 |       ||  1382
       Headbutt          |    15 |    21 |    51 |   123 |   223 |   377 |   455 ||  1265
       Scimitar          |       |       |       |   176 |   924 |   811 |   828 ||  2739
       Demon blade       |       |       |       |       |       |       |   322 ||   322
Throw: Dart              |       |       |       |     4 |       |       |       ||     4
Invok: Heroism           |       |       |    13 |    28 |    38 |    55 |    38 ||   172
       Finesse           |       |       |       |     6 |     7 |    14 |    12 ||    39
       Duel              |       |       |       |       |     1 |       |     2 ||     3
 Abil: Evoke Blink       |       |       |       |       |       |       |     1 ||     1
Evoke: Wand              |       |       |       |       |       |     1 |       ||     1
  Use: Scroll            |       |    11 |     5 |    19 |     8 |    11 |     6 ||    60
       Potion            |       |       |       |     4 |     1 |    15 |     5 ||    25
 Stab: Petrifying        |       |       |       |       |     1 |       |       ||     1
       Petrified         |       |       |       |       |       |     2 |       ||     2
Armor: Scale mail        |    39 |       |       |       |       |       |       ||    39
       Chain mail        |    15 |    77 |   147 |     3 |       |       |       ||   242
       Plate armour      |       |       |       |   459 |   642 |   771 |   525 ||  2397
Dodge: Dodged            |    48 |    49 |   134 |   256 |   438 |   635 |   306 ||  1866
       Repelled          |       |       |       |       |     1 |    32 |     8 ||    41
Block: Buckler           |    31 |    35 |    50 |   169 |   240 |    69 |       ||   594
       Kite shield       |       |       |       |       |       |   764 |   138 ||   902
       Tower shield      |       |       |       |       |       |       |  1100 ||  1100

Table legend: (Time is in decaauts)
 A = Elapsed time spent in this place.
 B = Non-inter-level travel time spent in this place.
 C = Inter-level travel time spent in this place.
 D = Time resting spent in this place.
 E = Time spent auto-exploring this place.
 F = Levels seen in this place.
 G = Mean time per level.
                   A        B        C        D        E       F      G
               +--------+--------+--------+--------+--------+-----+--------+
         Total |  49340 |  38513 |  10827 |      0 |  30361 |  48 | 1027.9 |
       Dungeon |  19420 |  14512 |   4908 |      0 |  11900 |  15 | 1294.7 |
        Temple |    243 |    206 |     37 |      0 |    187 |   1 |  243.0 |
          Lair |   9327 |   7845 |   1482 |      0 |   6811 |   6 | 1554.5 |
        Shoals |   2858 |   2239 |    619 |      0 |   1530 |   4 |  714.5 |
     Snake Pit |   4673 |   3898 |    775 |      0 |   3025 |   4 | 1168.2 |
  Orcish Mines |   1858 |   1289 |    569 |      0 |    971 |   2 |  929.0 |
        Vaults |   7179 |   5322 |   1857 |      0 |   3846 |   5 | 1435.8 |
        Depths |   2952 |   2374 |    578 |      0 |   1894 |   3 |  984.0 |
         Abyss |      2 |      2 |      0 |      0 |      0 |   1 |    2.0 |
        Bazaar |     50 |     50 |      0 |      0 |      4 |   1 |   50.0 |
         Sewer |    172 |    172 |      0 |      0 |     40 |   1 |  172.0 |
       Volcano |    276 |    276 |      0 |      0 |     25 |   1 |  276.0 |
      Gauntlet |    268 |    268 |      0 |      0 |     99 |   1 |  268.0 |
         Arena |     56 |     56 |      0 |      0 |     28 |   3 |   18.7 |
               +--------+--------+--------+--------+--------+-----+--------+

Top non-repeatable levels by time:
  Lair:2: 2073 daAuts
     D:9: 2068 daAuts
  Lair:4: 1955 daAuts
  Lair:6: 1843 daAuts
     D:7: 1748 daAuts
Vaults:5: 1731 daAuts
Vaults:1: 1503 daAuts
Vaults:4: 1492 daAuts
     D:3: 1423 daAuts
     D:5: 1422 daAuts
 Snake:4: 1416 daAuts
    D:11: 1411 daAuts
 Snake:3: 1333 daAuts
Vaults:2: 1327 daAuts
     D:4: 1281 daAuts
